 Dungeon Crawl Stone Soup version 0.25-a0-843-g6944ee31a2 (webtiles) character file.

Game seed: 579160905627435768, levelgen mode: deterministic

68 tilp the Bolt Thrower (level 4, 0/25 HPs)
             Began as a Kobold Arcane Marksman on Apr 25, 2020.
             Slain by a gnoll
             ... wielding a +0 flail
              (9 damage)
             ... on level 3 of the Dungeon.
             The game lasted 00:07:21 (3140 turns).

tilp the Bolt Thrower (Kobold Arcane Marksman)      Turns: 3140, Time: 00:07:21

Health: 0/25       AC:  3    Str:  8    XL:     4   Next: 41%
Magic:  4/5        EV: 14    Int: 14    God:
Gold:   81         SH:  0    Dex: 15    Spells: 2/5 levels left

rFire    . . .     SeeInvis .   a - +0 hand crossbow
rCold    . . .     Gourm    .   (shield restricted)
rNeg     . . .     Faith    .   f - +0 leather armour
rPois    .         Spirit   .   (no helmet)
rElec    .         Reflect  .   (no cloak)
rCorr    .         Harm     .   (no gloves)
MR       .....                  (no boots)
Stlth    +.........             (no amulet)
HPRegen  0.08/turn              (no ring)
MPRegen  0.09/turn              (no ring)

@: no status effects
A: small, carnivore
a: no special abilities


You were on level 3 of the Dungeon.
You were completely stuffed.

You visited 1 branch of the dungeon, and saw 3 of its levels.

You collected 81 gold pieces.

Inventory:

Hand Weapons
 a - a +0 hand crossbow (weapon)
 b - a +0 dagger
Missiles
 d - 2 bolts (quivered)
Armour
 f - a +0 leather armour (worn)
 o - a cursed +0 chain mail
Jewellery
 n - an uncursed amulet of guardian spirit {unknown}
Scrolls
 g - a scroll of immolation {unknown}
 h - a scroll of teleportation {unknown}
 j - a scroll of magic mapping
 k - a scroll of enchant armour {unknown}
 m - a scroll of amnesia {unknown}
 q - 3 scrolls of remove curse
Potions
 e - 2 potions of curing {unknown}
 i - a potion of brilliance {unknown}
 l - a potion of degeneration {unknown}
 p - a potion of invisibility {unknown}
 r - a potion of might {unknown}
 s - 2 potions of haste {unknown}
Comestibles
 c - 2 rations
 t - a chunk of flesh


   Skills:
 - Level 1.1 Fighting
 + Level 5.2 Crossbows
 - Level 2.4 Dodging
 - Level 1.1 Spellcasting
 - Level 3.0 Hexes


You had 2 spell levels left.
You knew the following spells:

 Your Spells              Type           Power        Failure   Level  Hunger
a - Corona                Hex            #......      11%         1    ##.....
b - Slow                  Hex            #.......     17%         2    ###....

Your spell library contained the following spells:

 Spells                   Type           Power        Failure   Level  Hunger
 Inner Flame              Hex/Fire       #.......     52%         3    ####...
 Portal Projectile        Hex/Tloc       #.....       52%         3    ####...
 Cause Fear               Hex            #.........   73%         4    #####..
 Leda's Liquefaction      Hex/Erth       #.........   90%         4    #####..


Dungeon Overview and Level Annotations

Branches:
Dungeon (3/15)

Altars:
Dithmenos

Annotations:
D:2 1 runed translucent door, Crazy Yiuf, Sigmund


Innate Abilities, Weirdness & Mutations

You are small and have problems with some larger weapons.
You are carnivorous and can eat meat at any time.


Message History

There is a stone staircase leading down here.
a - a +0 hand crossbow (weapon)
You climb downwards.
The gnoll hits you but does no damage. The gnoll hits you with a +0 flail.
There is a stone staircase leading up, spattered with blood here.
Unknown command.
Casting: Corona (safe; 11% risk of failure)
Confirm with . or Enter, or press ? or * to list all spells.
Aiming: Corona (safe; 11% risk of failure)
Press: ? - help, Shift-Dir - straight line, f - gnoll
Aim: a gnoll, wielding a +0 flail (chance to defeat MR: 52%)
The gnoll is outlined in light.
The gnoll hits you with a +0 flail!
* * * LOW HITPOINT WARNING * * *
Firing (i - inventory)
d - 3 bolts (quivered)
Press: ? - help, Shift-Dir - straight line, f/p - gnoll
Aim: a gnoll, wielding a +0 flail (softly glowing)
You shoot a bolt. The bolt hits the gnoll.
The gnoll is moderately wounded.
The gnoll hits you with a +0 flail!
You die...

#########
#...@g..#
#.......#
###.>.......
..(.......
.....#...#.
#.#..(#...#
#.....( ..#
####(## #.#


You could see a gnoll.

Vanquished Creatures
  2 adders (D:2)
  An ooze (D:1)
  A worm (D:2)
  2 dart slugs (D:1)
  6 bats
  A giant cockroach (D:1)
  3 goblins
  4 hobgoblins
  4 jackals (D:2)
  2 frilled lizards (D:1)
  7 kobolds
  7 rats
40 creatures vanquished.

Notes
Turn   | Place    | Note
-------+----------+-------------------------------------------
     0 | D:1      | tilp the Kobold Arcane Marksman began the quest for the
                  | Orb.
     0 | D:1      | Reached XP level 1. HP: 12/12 MP: 2/2
   300 | D:1      | Reached skill level 3 in Crossbows
   378 | D:1      | Reached XP level 2. HP: 16/16 MP: 3/3
   383 | D:1      | Learned a level 2 spell: Slow
   928 | D:1      | Reached skill level 4 in Crossbows
   928 | D:1      | Reached XP level 3. HP: 20/20 MP: 4/4
  1014 | D:2      | Found a shadowy altar of Dithmenos.
  2174 | D:2      | Reached skill level 5 in Crossbows
  2174 | D:2      | Reached XP level 4. HP: 13/25 MP: 5/5
  2456 | D:2      | Found a runed translucent door.
  2457 | D:2      | Noticed Crazy Yiuf
  2484 | D:2      | Noticed Sigmund
  3140 | D:3      | Slain by a gnoll

Levels and vault maps discovered:
D:1:      lemuel_arrival_behind_the_door_small, layout_basic
D:2:      layout_rooms, grunt_dithmenos_smoke, uniq_crazy_yiuf_cottage,
          uniq_sigmund
D:3:      layout_basic, chequers_temple_overflow_statue_of_worship

Skill      XL: |  1  2  3 |
---------------+----------+-----
Crossbows      | 3 4 5 |  5.2
Fighting       | |  1.1
Dodging        | |  2.4
Spellcasting   | |  1.1
Hexes          | |  3.0

Action                   |  1- 3 |  4- 6 || total
-------------------------+-------+-------++-------
Melee: Dagger            |    60 |    62 ||   122
 Fire: Hand crossbow     |    69 |    16 ||    85
 Cast: Corona            |    16 |    12 ||    28
  Use: Scroll            |     2 |       ||     2
  Eat: Chunk             |    13 |     3 ||    16
Armor: Leather armour    |    24 |    31 ||    55
Dodge: Dodged            |    76 |   107 ||   183

Table legend:
 A = Non-vault XP
 B = Vault XP
 C = Vault XP percentage of total XP
 D = Non-vault monster count
 E = Vault monster count
 F = Vault count percentage of total count
                 A         B        C        D         E       F
            +---------+---------+-------+---------+---------+-------
      Total |      98 |       0 |   0.0 |      40 |       0 |   0.0
            +---------+---------+-------+---------+---------+-------
        D:1 |      36 |       0 |   0.0 |      18 |       0 |   0.0
        D:2 |      62 |       0 |   0.0 |      22 |       0 |   0.0
            +---------+---------+-------+---------+---------+-------
